 Dungeon Crawl Stone Soup version 0.29.1-2-gbd0b4ee654 (webtiles) character file.

Game seed: 5080979692713708333

33 xian the Trooper (level 3, 0/29 HPs)
             Began as a Demonspawn Abyssal Knight on Nov 4, 2022.
             Was a Believer of Lugonu.
             Slain by Terence
             ... wielding a +0 mace
              (4 damage)
             ... on level 2 of the Dungeon.
             The game lasted 00:02:44 (1831 turns).

xian the Trooper (Demonspawn Abyssal Knight)        Turns: 1831, Time: 00:02:45

Health: 0/29       AC:  3    Str: 15    XL:     3   Next: 12%
Magic:  5/5        EV: 11    Int: 13    God:    Lugonu [**....]
Gold:   21         SH:  0    Dex: 13    Spells: 2/2 levels left

rFire   . . .      SeeInvis .   a - +1 hand axe
rCold   . . .      Faith    .   (no shield)
rNeg    . . .      Spirit   .   b - +0 leather armour
rPois   .          Reflect  .   (no helmet)
rElec   .          Harm     .   (no cloak)
rCorr   .          Rampage  .   (no gloves)
Will    +....                   (no boots)
Stlth   +.........              (no amulet)
HPRegen 0.09/turn               c - ring of willpower
MPRegen 0.09/turn               (no ring)

@: no status effects
A: big brain 1, weakness stinger 1
a: Renounce Religion, Depart the Abyss, Bend Space


You were on level 2 of the Dungeon.
You worshipped Lugonu.
Lugonu was pleased with you.
You visited 1 branch of the dungeon, and saw 2 of its levels.
You visited the Abyss 1 time.

You collected 21 gold pieces.

Inventory:

Hand Weapons
 a - a +1 hand axe (weapon)
Armour
 b - a +0 leather armour (worn)
Jewellery
 c - a ring of willpower (left hand)


   Skills:
 + Level 3.5 Fighting
 + Level 2.2 Axes
 + Level 1.8 Armour
 + Level 1.4 Dodging
 + Level 0.2 Stealth
 * Level 2.7 Invocations


You had 2 spell levels left.
You didn't know any spells.
Your spell library contained the following spells:

 Spells                   Type           Power      Damage    Failure   Level
 Apportation              Tloc           0%         N/A       36%         1
 Freeze                   Ice            0%         1d3       36%         1
 Frozen Ramparts          Ice            0%         1d1       75%         3
 Hailstorm                Conj/Ice       0%         3d3       98%         4
 Alistair's Intoxication  Tmut/Pois      0%         N/A       100%        5


Dungeon Overview and Level Annotations

Branches:
Dungeon (2/15)

Altars:
Fedhas

Annotations:
D:2 Terence


Innate Abilities, Weirdness & Mutations

You have an unusually large brain. (Int +2)
You have a small tail.


Message History

There is a blossoming altar of Fedhas here.
You now have 21 gold pieces (gained 5).
Terence the Incautious comes into view.
He is wielding a +0 mace.
Terence shouts!
Okay, then.
Okay, then.
You aren't in the Abyss!
Terence hits you with a +0 mace.
You hit Terence.
Terence is moderately wounded.
Terence hits you with a +0 mace.
You hit Terence but do no damage.
Terence is moderately wounded.
Terence hits you with a +0 mace. Terence barely misses you.
You hit Terence.
Terence is moderately wounded.
Terence hits you with a +0 mace.
You hit Terence.
Terence is heavily wounded.
Terence misses you.
You barely miss Terence. You tail-slap Terence.
Terence is heavily wounded.
Terence hits you with a +0 mace.
You closely miss Terence. You tail-slap Terence.
Terence is severely wounded.
Terence barely misses you.
You hit Terence.
Terence is almost dead.
Terence closely misses you. Terence barely misses you.
You completely miss Terence.
Your tail-slap misses Terence.
Terence is almost dead.
Terence hits you with a +0 mace.
You closely miss Terence.
Your tail-slap misses Terence.
Terence is almost dead.
Terence hits you with a +0 mace.
* * * LOW HITPOINT WARNING * * *
You closely miss Terence.
Terence is almost dead.
Terence hits you with a +0 mace.
You die...

........###.........
#######.# #......... ###.#
#......... ##...###.........
##......#......... #..#.##.#
...<.##.#.# ####.#.##.#
######### .....##.#.#
#@@.....# ###.......#
#.#####.# #########
#.#####.# #.....#.#
#####.#.# #.#.# #######
#...# ##.....# #..####.#
########......######.......#


You could see Terence.

Vanquished Creatures
  7 ball pythons
  3 endoplasms
  2 giant cockroaches (D:1)
  A goblin (D:1)
  4 hobgoblins
  3 quokkas (D:1)
  A bat (D:2)
  2 frilled lizards
  A kobold (D:2)
  6 rats
30 creatures vanquished.

Notes
Turn   | Place    | Note
-------+----------+-------------------------------------------
     0 | Abyss:1  | xian the Demonspawn Abyssal Knight began the quest for the
                  | Orb.
     0 | Abyss:1  | Reached XP level 1. HP: 18/18 MP: 2/2
     1 | D:1      | Escaped the Abyss
   170 | D:1      | Reached skill level 1 in Dodging
   391 | D:1      | Gained mutation: You have a small tail. [demonic ancestry]
   391 | D:1      | Reached XP level 2. HP: 22/24 MP: 3/3
   776 | D:1      | Found a faded altar of an unknown god.
  1516 | D:2      | Gained mutation: You have an unusually large brain. (Int
                  | +2) [demonic ancestry]
  1516 | D:2      | Reached XP level 3. HP: 26/29 MP: 4/4
  1563 | D:2      | Reached *** piety under Lugonu
  1786 | D:2      | Found a blossoming altar of Fedhas.
  1820 | D:2      | Noticed Terence
  1831 | D:2      | Slain by Terence

Illustrated notes

Levels and vault maps discovered:
D:1:      psy_arrival_fountain, layout_loops_corners,
          dreamdust_ecumenical_altar_statues
D:2:      layout_basic, basic_altar, minmay_misc_feat_tiny, uniq_terence

Skill      XL: |  1 |
---------------+----+-----
Dodging        | 1 |  1.4
Axes           | 2 |  2.2
Fighting       | |  3.5
Armour         | |  1.8
Stealth        | |  0.2
Invocations    | |  2.7

Action                   || total
-------------------------++-------
Melee: Hand axe          ||    89
       Tailslap          ||    10
 Stab: Sleeping          ||     2
Armor: Leather armour    ||    30
Dodge: Dodged            ||    52
